 Dungeon Crawl Stone Soup version 0.20-a0-1122-gb7cbeb9 (webtiles) character file.

37 Kriby the Magician (level 3, -4/21 HPs)
             Began as an Octopode Wizard on May 13, 2017.
             Slain by an adder (5 damage)
             ... on level 2 of the Dungeon.
             The game lasted 00:01:37 (1376 turns).

Kriby the Magician (Octopode Wizard)                Turns: 1376, Time: 00:01:38

Health: -4/21      AC:  1    Str:  6    XL:     3   Next: 41%
Magic:  3/7        EV: 13    Int: 21    God:
Gold:   9          SH:  0    Dex: 10    Spells: 7/8 levels left

rFire    . . .     SeeInvis .   e - +0 dagger
rCold    . . .     Gourm    .   (no shield)
rNeg     . . .     Faith    .   a - +0 hat
rPois    .         Spirit   .   (no amulet)
rElec    .         Reflect  .   (no ring)
rCorr    .         Harm     .   (no ring)
MR       .....                  (no ring)
Stlth    +++.......             (no ring)
Regen    0.1/turn               (no ring)
MPRegen  0.1/turn               (no ring)
                                (no ring)
                                (no ring)

@: lethally poisoned (-4 -> -12)
A: almost no armour, stealthy swim, amphibious, 8 rings, constrict 8, camouflage
1, gelatinous body 1
a: no special abilities


You were on level 2 of the Dungeon.
You were not hungry.

You visited 1 branch of the dungeon, and saw 2 of its levels.

You collected 9 gold pieces.

Inventory:

Hand Weapons
 e - a +0 dagger (weapon)
Armour
 a - a +0 hat (worn)
Scrolls
 d - 4 scrolls of magic mapping {unknown}
 h - a scroll of random uselessness {unknown}
 j - a scroll of identify {unknown}
 k - a scroll of noise {unknown}
Potions
 i - 2 potions of heal wounds {unknown}
Books
 b - a book of Minor Magic

   Spells                             Type                      Level
   a - Magic Dart                     Conjuration                  1
   b - Blink                          Translocation                2
   c - Call Imp                       Summoning                    2
   d - Slow                           Hexes                        2
   e - Conjure Flame                  Conjuration/Fire             3
   f - Mephitic Cloud                 Conjuration/Poison/Air       3
Comestibles
 c - 2 bread rations
 f - 2 fruits
 g - 2 chunks of flesh


   Skills:
 - Level 2.0 Dodging
 - Level 2.9 Stealth
 + Level 3.4 Spellcasting
 * Level 2.4 Conjurations
   Level 1.0 Summonings
   Level 1.0 Translocations


You had 7 spell levels left.
You knew the following spells:

 Your Spells              Type           Power        Failure   Level  Hunger
a - Magic Dart            Conj           ##..         4%          1    None


Dungeon Overview and Level Annotations

Branches:
Dungeon (2/15)

Altars:
Ashenzari


Innate Abilities, Weirdness & Mutations

You cannot wear most types of armour.
You are very stealthy in the water. (Stealth+)
You are amphibious.
You can wear up to eight rings at the same time.
You can use your tentacles to constrict eight enemies at once.
Your skin changes colour to match your surroundings (Stealth+).
Your rubbery body absorbs attacks. (AC +1, EV +1)


Message History

You feel sick. The giant cockroach bites you. The adder bites you.
You feel sick. The giant cockroach bites you. The adder bites you.
* * * LOW HITPOINT WARNING * * *
You are lethally poisoned!
The adder poisons you!
* * * LOW HITPOINT WARNING * * *
You feel sick.
* * * LOW HITPOINT WARNING * * *
You feel sick.
* * * LOW HITPOINT WARNING * * *
You feel sick. The adder bites you but does no damage.
Some of the chunks of flesh in your inventory have rotted away.
* * * LOW HITPOINT WARNING * * *
You feel sick.
* * * LOW HITPOINT WARNING * * *
You feel sick. The giant cockroach misses you.
There is a stone staircase leading up here.
The adder bites you.
You die...

#######
.##.....##########
..................
...............#
........S.....## #
.......@s......####.#?.
............#..(.......
......(...#.###....##.
................#......
.......................
.#...<.....#.....##....
#.###...#..###........
#. #.#..... #........
#........#........


You could see an adder and a giant cockroach.

Vanquished Creatures
  An ooze (D:1)
  2 dart slugs (D:1)
  3 leopard geckos (D:1)
  2 giant cockroaches (D:1)
  2 goblins (D:1)
  3 hobgoblins (D:1)
  4 bats (D:1)
  3 frilled lizards (D:1)
  A kobold (D:1)
  6 rats (D:1)
27 creatures vanquished.

Notes
Turn   | Place    | Note
-------+----------+-------------------------------------------
     0 | D:1      | Kriby the Octopode Wizard began the quest for the Orb.
     0 | D:1      | Reached XP level 1. HP: 11/11 MP: 4/4
   213 | D:1      | Found a shattered altar of Ashenzari.
   345 | D:1      | Reached XP level 2. HP: 17/17 MP: 0/6
   801 | D:1      | Reached XP level 3. HP: 21/21 MP: 1/7
  1375 | D:2      | HP: 1/21 [poisoned by an adder]
  1376 | D:2      | Slain by an adder

Vault maps used:
D:1:      nicolae_arrival_washed_ashore, minivault_4,
          nicolae_ashenzari_panopticon
D:2:      minmay_wonky_spiral, grunt_gozag_statues

Skill      XL: |  1  2 |
---------------+-------+-----
Conjurations   | 2 |  2.4
Dodging        | |  2.0
Stealth        | |  2.9
Spellcasting   | |  3.4
Summonings     | |  1.0
Translocations | |  1.0

Action                   || total
-------------------------++-------
Melee: Dagger            ||     6
       Constrict         ||     2
       Unarmed           ||     1
       Tentacles         ||     1
 Cast: Magic Dart        ||    65
  Eat: Chunk             ||     1
Armor: Skin              ||     1
Dodge: Dodged            ||     7
